 Dungeon Crawl Stone Soup version 0.27-a0-1342-ga99462a43c (webtiles) character file.

Game seed: 5411631727917841517

2471 BlueGoblin the Magician (level 9, -15/105 HPs)
             Began as a Gnoll Warper on June 27, 2021.
             Demolished by a death yak (18 damage)
             ... on level 8 of the Dungeon.
             The game lasted 00:31:31 (11180 turns).

BlueGoblin the Magician (Gnoll Warper)             Turns: 11180, Time: 00:31:31

Health: -15/105    AC: 24    Str: 15    XL:     9   Next: 51%
Magic:  19/19      EV:  2    Int: 12    God:
Gold:   458        SH: 14    Dex:  9    Spells: 10/21 levels left

rFire    . . .     SeeInvis .   a - +6 rapier (elec)
rCold    . . .     Faith    .   s - +0 kite shield
rNeg     + + +     Spirit   .   (armour currently unavailable)
rPois    +         Reflect  +   (helmet currently unavailable)
rElec    .         Harm     .   (cloak currently unavailable)
rCorr    .         Rampage  .   (gloves currently unavailable)
Will     .....     NoTele   +   (boots currently unavailable)
Stlth    ++........             q - amulet of reflection
HPRegen  0.27/turn              (no ring)
MPRegen  0.16/turn              (no ring)

@: brilliant, tree-form, marked
A: stationary, stasis, torment immunity, boosted hp, (fangs 1), strong nose,
distributed training, clumsy 1, evolution 1
a: no special abilities


You were on level 8 of the Dungeon.
You were a tree.
You visited 1 branch of the dungeon, and saw 8 of its levels.

You collected 458 gold pieces.

Inventory:

Hand Weapons
 a - a +6 rapier of electrocution (weapon)
 b - a +0 hand crossbow
 y - a +2 dagger of flaming
 F - a +2 long sword of holy wrath
 I - a +0 shortbow
 J - a +4 antimagic spear
Missiles
 d - 5 boomerangs of dispersal
 e - 96 arrows
 g - 186 stones
 j - 29 poisoned darts (quivered)
 k - 37 sling bullets
 p - a throwing net
 z - 63 bolts
 G - 7 javelins
Armour
 h - a +0 plate armour
 s - a +0 kite shield (worn)
 x - the +6 ring mail of Courage (melded) {Contam rElec Int+2}
   (You found it on level 5 of the Dungeon)

   It affects your intelligence (+2).
   It insulates you from electricity.
   It causes magical contamination when unequipped.
 D - a +1 pair of gloves (melded)
Jewellery
 q - an amulet of reflection (around neck)
Wands
 u - a wand of mindburst (34)
 B - a wand of flame (16)
Scrolls
 H - a scroll of amnesia
Potions
 f - 4 potions of curing
 i - 2 potions of attraction
 m - 2 potions of flight
 o - 4 potions of cancellation
 t - a potion of berserk rage {unknown}
 A - a potion of ambrosia {unknown}
 C - a potion of heal wounds


   Skills:
 + Level 6.3 Fighting
 + Level 4.3 Short Blades
 + Level 4.3 Long Blades
 + Level 4.3 Axes
 + Level 6.3 Maces & Flails
 + Level 4.3 Polearms
 + Level 4.3 Staves
 + Level 4.3 Slings
 + Level 4.3 Bows
 + Level 4.3 Crossbows
 + Level 5.1 Throwing
 + Level 5.1 Armour
 + Level 6.3 Dodging
 + Level 4.3 Stealth
 + Level 4.3 Shields
 + Level 4.3 Unarmed Combat
 + Level 6.7 Spellcasting
 + Level 3.5 Conjurations
 + Level 3.5 Hexes
 + Level 3.5 Summonings
 + Level 3.5 Necromancy
 + Level 6.6 Translocations
 + Level 3.5 Transmutations
 + Level 3.5 Fire Magic
 + Level 3.5 Ice Magic
 + Level 3.5 Air Magic
 + Level 3.5 Earth Magic
 + Level 3.5 Poison Magic
 + Level 4.7 Invocations
 + Level 4.3 Evocations


You had 10 spell levels left.
You knew the following spells:

 Your Spells              Type           Power      Damage    Failure   Level
a - Blink                 Tloc           N/A        N/A       7%          2
b - Teleport Other        Tloc           29%        N/A       13%         3
c - Gell's Gravitas       Tloc           14%        N/A       13%         3
d - Lesser Beckoning      Tloc           14%        N/A       13%         3

Your spell library contained the following spells:

 Spells                   Type           Power      Damage    Failure   Level
 Magic Dart               Conj           72%        1d6       16%         1
 Summon Small Mammal      Summ           72%        N/A       16%         1
 Call Imp                 Summ           18%        N/A       24%         2
 Searing Ray              Conj           36%        3d4       24%         2
 Call Canine Familiar     Summ           18%        N/A       43%         3
 Dazzling Flash           Conj/Hex       36%        N/A       43%         3
 Summon Guardian Golem    Hex/Summ       18%        N/A       43%         3
 Iskenderun's Mystic Bla  Conj/Tloc      24%        2d7       63%         4
 Manifold Assault         Tloc           29%        N/A       77%         5
 Fulminant Prism          Conj/Hex       9%         3d7       83%         4
 Summon Ice Beast         Ice/Summ       18%        N/A       83%         4
 Summon Lightning Spire   Summ/Air       18%        N/A       83%         4


Dungeon Overview and Level Annotations

Branches:
Dungeon (8/15)               Lair (0/6) D:8
 Temple: D:4-7

Altars:
Dithmenos
Qazlal
Sif Muna
Trog
Vehumet
Yredelemnul
The Shining One

Shops:
D:4 ?   D:5 (

Annotations:
D:7 Harold
D:8 Grum


Innate Abilities, Weirdness & Mutations

You are a tree.
Your roots penetrate the ground, keeping you stationary.
You cannot be teleported.
You are immune to unholy pain and torment.
Your maximum health is greatly increased.
Your equipment is partially melded.
((You have very sharp teeth.))
Your uncanny sense of smell can sniff out nearby items.
Your experience applies equally to all skills.
You are clumsy. (Dex -2)
You evolve.


Message History

You block the death yak's attack.
You hit the death yak.
The death yak is heavily wounded.
The death yak gores you but does no damage.
You block the death yak's attack.
You hit the death yak but do no damage.
The death yak is heavily wounded.
The death yak gores you!
You hit the death yak.
Lightning courses through the death yak!!
The death yak is almost dead.
You block the death yak's attack.
A two-headed ogre comes into view. It is wielding two +0 giant clubs.
Okay, then.
You barely miss the death yak.
The death yak is almost dead.
You block the death yak's attack.
The two-headed ogre moves out of view.
You hit the death yak but do no damage.
The death yak is almost dead.
The death yak gores you!
* * * LOW HITPOINT WARNING * * *
You puncture the death yak!
The death yak is almost dead.
You block the death yak's attack.
The death yak gores you but does no damage.
You hit the death yak.
The death yak is almost dead.
You block the death yak's attack.
The orc priest calls down the wrath of Beogh upon you.
Beogh smites you!
* * * LOW HITPOINT WARNING * * *
You barely miss the death yak.
The death yak is almost dead.
The death yak gores you!
* * * LOW HITPOINT WARNING * * *
Grum snarls, "My dogs and I will have a feast tonight..."
It was a potion of brilliance.
You feel clever all of a sudden. The death yak gores you!!
You die...

*,,,,,,,,,,,*
*,,,,,*
***********,*
******* *,* *****
*,* *****,,,, *∆*
*,,,,,*** *,*
***,#**,,,, #,*
**,...,,,,,,
#.#######o....,**,,,
#..♣YYYgOoo...,,,,,,
########hhD...,,,,,,
*r.h.#.*,,,,,
**,h...,,,,**
*,,..>,,,,*
*,,,..,,,,**
*,,,,.*,,,,*
*∆,,,,,,,,,*
*,,,,,,,,,,,


You could see 3 death yaks, a two-headed ogre, Grum, an orc warrior, an acid
dragon, 2 wolves, an orc priest and an orc.

Vanquished Creatures
  A shadow (D:6)
  Menkaure (D:7)
  2 orc warriors (D:6)
  A sky beast (D:5)
  A black bear (D:4)
  2 ice beasts (D:6)
  2 ogres
  3 centaurs (D:6)
  2 phantoms (D:6)
  A bullfrog (D:7)
  A gnoll sergeant (D:6)
  2 scorpions
  A centaur zombie (D:6)
  3 hounds
  A bullfrog skeleton (D:4)
  3 orc priests
  A jelly (D:5)
  2 centaur skeletons
  5 iguanas
  3 orc wizards (D:6)
  6 gnolls
  A howler monkey skeleton (D:5)
  2 river rats (D:4)
  13 adders
  A shadow imp (D:7)
  A white imp (D:6)
  An adder skeleton (D:4)
  5 worms
  A dart slug (D:1)
  18 orcs
  2 ball pythons (D:4)
  3 bats
  6 endoplasms
  4 giant cockroaches
  12 hobgoblins
  5 quokkas
  A frilled lizard (D:2)
  6 goblins
  9 kobolds
  21 rats
156 creatures vanquished.

Vanquished Creatures (others)
  A plant (D:6)
1 creature vanquished.

Grand Total: 157 creatures vanquished

Notes
Turn   | Place    | Note
-------+----------+-------------------------------------------
     0 | D:1      | BlueGoblin the Gnoll Warper began the quest for the Orb.
     0 | D:1      | Reached XP level 1. HP: 20/20 MP: 6/6
   632 | D:1      | Reached XP level 2. HP: 26/26 MP: 7/7
   635 | D:1      | Learned a level 2 spell: Blink
  1569 | D:2      | Reached skill level 5 in Spellcasting
  1569 | D:2      | Reached XP level 3. HP: 31/31 MP: 7/9
  1609 | D:2      | Learned a level 3 spell: Teleport Other
  1613 | D:2      | Learned a level 3 spell: Gell's Gravitas
  1617 | D:2      | Learned a level 3 spell: Lesser Beckoning
  1909 | D:2      | Reached skill level 1 in Invocations
  2039 | D:2      | Found a faded altar of an unknown god.
  2150 | D:2      | Reached skill level 1 in Short Blades
  2150 | D:2      | Reached skill level 1 in Long Blades
  2150 | D:2      | Reached skill level 1 in Axes
  2150 | D:2      | Reached skill level 1 in Polearms
  2150 | D:2      | Reached skill level 1 in Staves
  2150 | D:2      | Reached skill level 1 in Slings
  2150 | D:2      | Reached skill level 1 in Bows
  2150 | D:2      | Reached skill level 1 in Crossbows
  2150 | D:2      | Reached skill level 1 in Stealth
  2150 | D:2      | Reached skill level 1 in Shields
  2150 | D:2      | Reached skill level 1 in Unarmed Combat
  2150 | D:2      | Reached skill level 1 in Evocations
  2150 | D:2      | Reached XP level 4. HP: 36/38 MP: 11/11
  2665 | D:3      | Reached skill level 1 in Conjurations
  2665 | D:3      | Reached skill level 1 in Hexes
  2665 | D:3      | Reached skill level 1 in Summonings
  2665 | D:3      | Reached skill level 1 in Necromancy
  2665 | D:3      | Reached skill level 1 in Transmutations
  2665 | D:3      | Reached skill level 1 in Fire Magic
  2665 | D:3      | Reached skill level 1 in Ice Magic
  2665 | D:3      | Reached skill level 1 in Air Magic
  2665 | D:3      | Reached skill level 1 in Earth Magic
  2665 | D:3      | Reached skill level 1 in Poison Magic
  2822 | D:3      | Found a glowing golden altar of the Shining One.
  3882 | D:4      | Noticed an ogre
  4762 | D:4      | Reached XP level 5. HP: 40/43 MP: 12/12
  4830 | D:4      | Found Ofraf's Magic Scroll Shoppe.
  4977 | D:4      | Killed an ogre
  4978 | D:4      | Reached XP level 6. HP: 50/50 MP: 13/13
  4983 | D:4      | Found a shimmering blue altar of Sif Muna.
  5001 | D:4      | Reached skill level 5 in Fighting
  5001 | D:4      | Reached skill level 5 in Maces & Flails
  5001 | D:4      | Reached skill level 5 in Dodging
  5833 | D:4      | Found a shadowy altar of Dithmenos.
  6177 | D:4      | Reached XP level 7. HP: 55/56 MP: 15/15
  6186 | D:4      | Found a stormy altar of Qazlal.
  6242 | D:4      | Found a bloodstained altar of Trog.
  6356 | D:5      | Entered Level 5 of the Dungeon
  6912 | D:5      | Found a radiant altar of Vehumet.
  7124 | D:5      | Found Sash's Weapon Boutique.
  7209 | D:5      | Identified the +6 ring mail of Courage {Contam rElec Int+2}
  7243 | D:5      | Gained mutation: Your magical capacity is low. (-10% MP)
                  | [mutagenic glow]
  7415 | D:5      | Gained mutation: Your body sometimes deteriorates upon
                  | taking damage. [mutagenic glow]
  7448 | D:5      | Gained mutation: Your magical capacity is very low. (-20%
                  | MP) [mutagenic glow]
  7460 | D:5      | Gained mutation: You are clumsy. (Dex -2) [mutagenic glow]
  8284 | D:6      | Reached XP level 8. HP: 63/63 MP: 13/13
  8916 | D:6      | Found a basalt altar of Yredelemnul.
  9026 | D:6      | Noticed a shadow
  9039 | D:6      | Killed a shadow
  9518 | D:6      | Reached XP level 9. HP: 64/69 MP: 13/14
 10731 | D:6      | Reached skill level 5 in Throwing
 10731 | D:6      | Reached skill level 5 in Armour
 10839 | D:6      | Lost mutation: Your magical capacity is very low. (-20% MP)
                  | [potion of mutation]
 10839 | D:6      | Lost mutation: Your magical capacity is low. (-10% MP)
                  | [potion of mutation]
 10839 | D:6      | Gained mutation: You have large cloven feet. [potion of
                  | mutation]
 10840 | D:6      | Lost mutation: You have large cloven feet. [potion of
                  | mutation]
 10840 | D:6      | Lost mutation: Your body sometimes deteriorates upon taking
                  | damage. [potion of mutation]
 10840 | D:6      | Gained mutation: You evolve. [potion of mutation]
 10858 | D:7      | Noticed Menkaure
 10863 | D:7      | Killed Menkaure
 11095 | D:7      | Noticed Harold
 11154 | D:7      | HP: 3/70 [Harold (20)]
 11157 | D:8      | Found a staircase to the Lair.
 11157 | D:8      | Noticed a death yak
 11161 | D:8      | Noticed a death yak
 11163 | D:8      | Noticed Grum
 11167 | D:8      | Noticed a death yak
 11175 | D:8      | Noticed a two-headed ogre
 11179 | D:8      | HP: 3/105 [death yak (16)]
 11180 | D:8      | Demolished by a death yak

Illustrated notes

Levels and vault maps discovered:
D:1:      nagdon_arrival_zigzag_paths, layout_basic
D:2:      layout_loops_ring, ebering_ecumenical_altar_box, minmay_rat_hole
D:3:      layout_basic, tso_metal_star
D:4:      layout_loops_ring, lemuel_coloured_pillars_altar, marbit_many_paths,
          kennysheep_little_box, lemuel_round_altar, lightli_sewer_entry_pipes,
          serial_shops, shop_fountains, nrook_uturn
D:5:      layout_cave_pools, amcnicky_altar_gilded, serial_shops, shop
D:6:      kennysheep_housing_project, layout_cave_pools, kennysheep_mini_moat
D:7:      layout_rooms, old_standard_altar, minmay_temple_entry_wispy,
          serial_shops, shop, uniq_menkaure, uniq_harold
D:8:      layout_basic, overflow_temple_1_default, dpeg_lair_monsters, uniq_grum

Skill      XL: |  1  2  3  4  5  6  7  8  9 |
---------------+----------------------------+-----
Spellcasting   | 5 6 |  6.7
Invocations    | 1 2 3 4 |  4.7
Short Blades   | 1 2 3 4 |  4.3
Long Blades    | 1 2 3 4 |  4.3
Axes           | 1 2 3 4 |  4.3
Polearms       | 1 2 3 4 |  4.3
Staves         | 1 2 3 4 |  4.3
Slings         | 1 2 3 4 |  4.3
Bows           | 1 2 3 4 |  4.3
Crossbows      | 1 2 3 4 |  4.3
Stealth        | 1 2 3 4 |  4.3
Shields        | 1 2 3 4 |  4.3
Unarmed Combat | 1 2 3 4 |  4.3
Evocations     | 1 2 3 4 |  4.3
Conjurations   | 1 2 3 |  3.5
Hexes          | 1 2 3 |  3.5
Summonings     | 1 2 3 |  3.5
Necromancy     | 1 2 3 |  3.5
Transmutations | 1 2 3 |  3.5
Fire Magic     | 1 2 3 |  3.5
Ice Magic      | 1 2 3 |  3.5
Air Magic      | 1 2 3 |  3.5
Earth Magic    | 1 2 3 |  3.5
Poison Magic   | 1 2 3 |  3.5
Throwing       | 3 4 5 |  5.1
Armour         | 3 4 5 |  5.1
Fighting       | 5 6 |  6.3
Maces & Flails | 5 6 |  6.3
Dodging        | 5 6 |  6.3
Translocations | 6 |  6.6

Action                   |  1- 3 |  4- 6 |  7- 9 || total
-------------------------+-------+-------+-------++-------
Melee: Mace              |    53 |       |       ||    53
       Bite              |     9 |    13 |    16 ||    38
       Rapier            |    20 |   214 |   239 ||   473
       Long sword        |       |       |     8 ||     8
 Fire: Hand crossbow     |       |       |     6 ||     6
Throw: Dart              |    11 |    12 |     3 ||    26
 Cast: Blink             |     7 |     1 |       ||     8
       Teleport Other    |       |     4 |       ||     4
Evoke: Wand              |       |     3 |     3 ||     6
  Use: Scroll            |       |     3 |    16 ||    19
       Potion            |       |     1 |     5 ||     6
 Stab: Sleeping          |       |     2 |     1 ||     3
Armor: Leather armour    |    21 |    21 |       ||    42
       Chain mail        |       |    69 |    49 ||   118
       Ring mail         |       |       |    67 ||    67
       Skin              |       |       |     3 ||     3
Dodge: Dodged            |    53 |    56 |    71 ||   180
Block: Kite shield       |       |    86 |   202 ||   288
       Reflection        |       |       |    11 ||    11

Table legend: (Time is in decaauts)
 A = Elapsed time spent in this place.
 B = Non-inter-level travel time spent in this place.
 C = Inter-level travel time spent in this place.
 D = Time resting spent in this place.
 E = Time spent auto-exploring this place.
 F = Levels seen in this place.
 G = Mean time per level.
                   A        B        C        D        E       F      G
               +--------+--------+--------+--------+--------+-----+--------+
         Total |  11372 |  10930 |    442 |   3836 |   4714 |   8 | 1421.5 |
       Dungeon |  11372 |  10930 |    442 |   3836 |   4714 |   8 | 1421.5 |
               +--------+--------+--------+--------+--------+-----+--------+

Top non-repeatable levels by time:
     D:5: 2499 daAuts
     D:4: 2117 daAuts
     D:6: 2031 daAuts
     D:3: 1957 daAuts
     D:2: 1605 daAuts
     D:1: 1012 daAuts
     D:7: 122 daAuts
     D:8: 25 daAuts
